[Event "Susha Chess Blitz 2022"]
[Site "Shusha"]
[Date "2022.09.24"]
[Round "1"]
[White "Mamedyarov, Shakhriyar"]
[Black "Guseinov, Gadir"]
[Result "1-0"]
[ECO "C11"]
[WhiteElo "2757"]
[BlackElo "2661"]
[Annotator "TA"]
[PlyCount "81"]
[EventDate "2022.09.24"]
[EventType "tourn"]
[EventCountry "AZE"]
[SourceTitle "playchess.com"]
[Source "ChessBase"]
[SourceQuality "1"]
[TimeControl "180+2"]

1. d4 Nf6 2. Nc3 d5 3. Bg5 e6 4. e4 dxe4 5. Nxe4 Nbd7 6. Nf3 Be7 7. Nxf6+ Nxf6 8. Bd3 c5 9. dxc5 Qa5+ 10. c3 Qxc5 11. Qe2 $1 {[%emt 0:00:03] 11.Qe2 is better than 11.0-0. C10: French with 3 Nc3: Unusual Black 3rd moves and 3...dxe4.} Nd5 12. Bb5+ Kf8 {[%emt 0:00:01] [#]} 13. Bxe7+ $146 {[%emt 0:00:07] White is slightly better.} ({Predecessor:} 13. Bd2 a6 14. Bd3 Bd7 15. Ne5 Be8 16. f4 b5 17. a3 g6 18. O-O-O b4 19. axb4 Nxb4 {1-0 (63) Espineira Gonzalez,D (2362)-Florez Rodriguez,D (2081) Pontevedra 2019}) 13... Qxe7 14. O-O-O a6 15. Bc4 {[%emt 0:00:03] White is more active.} Bd7 16. Bxd5 exd5 17. Qxe7+ Kxe7 18. Rxd5 Be6 19. Re5 Kf6 20. b3 Rac8 21. Re3 b5 22. Rd1 Rc5 23. Nd4 Bd5 $2 (23... Rhc8 $16 {was worth a try.}) 24. b4 $18 Rc4 {[%emt 0:00:07] [#]} 25. Nxb5 $1 Bxg2 (25... Be6 26. Nd6) 26. Rd6+ Kf5 27. Nd4+ Kf4 28. Ne2+ Kf5 29. Nd4+ Kf4 $1 30. Rxa6 Rd8 {[%emt 0:00:23] [#]} 31. Ra7 $1 Bd5 32. a4 h5 33. a5 h4 34. Kd2 g5 35. a6 g4 36. Rae7 Rd6 37. a7 Rc8 38. b5 (38. R7e5 $142 g3 39. h3 gxf2 40. Rf5#) 38... f5 39. Re8 Rdd8 40. R8e5 Be4 {[#]} 41. R3xe4+ $1 {Black did not feel at home in the position after the opening.  Weighted Error Value: White=0.27 (precise) /Black=0.28 (precise)} 1-0

[Event "Susha Chess Blitz 2022"]
[Site "Shusha"]
[Date "2022.09.24"]
[Round "1"]
[White "Radjabov, Teimour"]
[Black "Maghsoodloo, Parham"]
[Result "1-0"]
[ECO "E10"]
[WhiteElo "2747"]
[BlackElo "2721"]
[Annotator "TA"]
[PlyCount "95"]
[EventDate "2022.09.24"]
[EventType "tourn"]
[EventCountry "AZE"]
[SourceTitle "playchess.com"]
[Source "ChessBase"]
[SourceQuality "1"]
[TimeControl "180+2"]

1. d4 Nf6 2. c4 e6 3. Nf3 h6 4. Nc3 Bb4 5. Bd2 b6 6. g3 {[%emt 0:00:13] E10: Blumenfeld Gambit.} Bb7 7. Bg2 {[%emt 0:00:01] [#]} c5 $146 ({Better is} 7... O-O $11) ({Predecessor:} 7... O-O 8. O-O a5 9. a3 Bxc3 10. Bxc3 d6 11. d5 Ne4 12. Be1 exd5 13. cxd5 Re8 {1-0 (43) Sanchez Rodenas,J (2325)-Otspere,U (2209) ICCF email 2013}) 8. dxc5 {[%emt 0:00:27] White is slightly better.} (8. d5 $5) 8... Bxc5 9. O-O O-O 10. Rc1 d5 11. Ne5 Qe7 12. cxd5 exd5 13. Nd3 Nbd7 14. b4 Bd6 15. Nb5 Rfc8 16. Re1 (16. Rxc8+ $14 Rxc8 17. Nxd6 Qxd6 18. Qa4) 16... Ne4 $11 17. Nxd6 Qxd6 18. Be3 d4 19. Bf4 {[%emt 0:00:17] A strong pair of Bishops.} Qe7 20. Qb3 Ndf6 (20... g5 $11 21. Bc7 Nf8) 21. Rxc8+ $14 Rxc8 22. Be5 Rd8 23. Bxf6 Nxf6 24. Bxb7 Qxb7 25. b5 Ne4 26. Qc4 (26. Ne5 $11) 26... Ng5 (26... Qc8 $15 27. Qb4 Nc3) 27. Qc6 $11 Qe7 28. h4 Ne4 29. Nf4 (29. a4 $11 {keeps the balance.}) 29... Nc3 $17 30. Kg2 Rd6 ({Black should play} 30... Nxa2 $17 31. Ra1 Nc3) 31. Qc8+ Rd8 32. Qc4 (32. Qc6 $11) 32... Qc5 (32... g5 $17 33. hxg5 hxg5) 33. Qxc5 $15 bxc5 {[%emt 0:00:00][%mdl 4096] Endgame KRN-KRN} 34. Nd3 $1 c4 35. Ne5 (35. Nb2 $1 $11 {and White has nothing to worry.}) 35... Rc8 $2 (35... d3 $19 {White must now prevent ...d2.} 36. Nxc4 d2 37. Nxd2 Rxd2) 36. Nc6 $11 Kf8 {[%emt 0:00:08] Inhibits Ne7. Threatens to win with ...d3.} 37. Nxd4 Nxa2 (37... Rc5 $11) 38. Ra1 $16 Nb4 39. Ra4 Nd5 40. Rxa7 {[%emt 0:00:01] And now e4 would win.} c3 41. e4 Nb4 {[%emt 0:00:04] [#]} (41... Nf6 $16 {is a better defense.}) 42. b6 $1 $18 {[%emt 0:00:01] Hoping for b7.} Rb8 43. Rc7 {[%emt 0:00:06] Strongly threatening b7.} c2 44. b7 {[%emt 0:00:02] White has more active pieces.} (44. Nxc2 $142 Rxb6 45. Ne3) 44... Ke8 $2 (44... Rxb7 $16 45. Rc3 (45. Rxb7 c1=Q $11) (45. Rc8+ Ke7 $16) 45... Ke7 46. Nxc2 Nxc2) 45. Rc8+ {[%emt 0:00:02] White is clearly winning.} Kd7 46. Rxb8 {[%emt 0:00:01] Ra8 would kill now.} c1=Q {[%emt 0:00:04] [#]} 47. Rd8+ $3 {[%emt 0:00:01][%mdl 576] Decoy, Clearance, Promotion} Kxd8 48. b8=Q+ {[%emt 0:00:02] Weighted Error Value: White=0.23 (precise) /Black=0.32} 1-0

[Event "Susha Chess Blitz 2022"]
[Site "Shusha"]
[Date "2022.09.24"]
[Round "1"]
[White "Kasimdzhanov, Rustam"]
[Black "Mamedov, Rauf"]
[Result "1/2-1/2"]
[ECO "B50"]
[WhiteElo "2670"]
[BlackElo "2646"]
[Annotator "TA"]
[PlyCount "113"]
[EventDate "2022.09.24"]
[EventType "tourn"]
[EventCountry "AZE"]
[SourceTitle "playchess.com"]
[Source "ChessBase"]
[SourceQuality "1"]
[TimeControl "180+2"]

1. e4 c5 2. Nf3 d6 3. c3 Nf6 4. Be2 g6 5. O-O Bg7 6. Bb5+ Nc6 7. d4 {[%emt 0:00:06] B50: Sicilian: 2...d6, Miscellaneous.} cxd4 8. cxd4 O-O 9. d5 Nb8 10. Nc3 Bg4 11. h3 Bxf3 12. Qxf3 a6 {[%emt 0:00:03] [#]} 13. Be2 $146 ({Predecessor:} 13. Bd3 Nbd7 14. Qe2 b5 15. Be3 Qa5 16. Qd2 Nc5 17. Bxc5 dxc5 18. a4 Qb4 19. Qc2 {0-1 (33) Tochor,J (2050)-Vachal,J (2170) Czech Republic 2002}) 13... Nbd7 14. a4 Rc8 15. Rb1 Ne5 16. Qg3 Nc4 17. f4 (17. b3 $11 Ne5 18. Qe3) 17... Nd7 18. Kh1 {[%emt 0:00:08] [#]} Na3 $1 19. bxa3 {[%emt 0:00:10] Bd2 is the strong threat.} (19. Ra1 Nc2) 19... Rxc3 20. Qe1 Nc5 21. e5 Rb3 (21... Nxa4 22. Bd1 Rxc1 23. Rxc1 $14) 22. Rxb3 Nxb3 23. Bb2 $1 Nc5 (23... dxe5 {with more complications.} 24. Qb4 Nd4 25. Bxd4 a5) 24. Qb4 b6 {[%emt 0:00:39] Inhibits a5.} 25. Rd1 Qd7 26. Ba1 Rb8 (26... a5 {looks sharper.} 27. Qxb6 Qxa4 28. exd6 exd6 29. Bxg7 Kxg7 30. Qxd6 Ne4) 27. a5 Qc7 28. exd6 (28. axb6 $11 Rxb6 29. Qc4) 28... exd6 $15 29. Bxg7 Kxg7 30. Qd4+ Kg8 31. axb6 Qxb6 32. f5 Qb2 33. Bf3 {[%emt 0:00:04] [#]} (33. Qe3 $11 {remains equal.}) 33... Qxd4 $1 $17 ({Inferior is} 33... gxf5 34. Bh5 $17) ({Worse is} 33... Qxa3 34. Qf4 Nd7 35. Be2 $17) 34. Rxd4 {[%emt 0:00:01][%mdl 4096] Endgame KRB-KRN} Kg7 ({Not} 34... gxf5 35. Rf4 $15) 35. fxg6 hxg6 (35... fxg6 $17 36. Kh2 a5) 36. h4 ({White should try} 36. Rb4 $15 Rxb4 37. axb4) 36... Rb3 ({Better is} 36... Rb1+ $17 37. Kh2 a5) 37. Rb4 $1 $15 Rxb4 38. axb4 {[%emt 0:00:01] KB-KN. The position is equal.} Nd3 39. b5 axb5 40. Be2 Nf4 41. Bxb5 Nxd5 42. g3 Nc3 43. Bc6 Kf6 44. Kg2 Ke5 45. Kf3 d5 46. Be8 Ke6 47. g4 Ne4 (47... Ke7 $5 48. Bc6 $8 d4 $11) 48. Bc6 Nf6 49. Kf4 d4 50. Ba4 (50. Bf3 {keeps more tension.} d3 51. h5 d2 52. Ke3) 50... Nd5+ 51. Kf3 Ke5 52. Be8 Kf6 53. h5 gxh5 54. gxh5 Kg7 55. h6+ $1 Kxh6 {[%emt 0:00:02] Hoping for ...f5.} 56. Bxf7 Nf6 57. Bc4 {Weighted Error Value: White=0.12 (very precise) /Black=0.08 (flawless)} 1/2-1/2

[Event "Susha Chess Blitz 2022"]
[Site "Shusha"]
[Date "2022.09.24"]
[Round "1"]
[White "Yilmaz, Mustafa"]
[Black "Vidit, Santosh Gujrathi"]
[Result "1-0"]
[ECO "E11"]
[WhiteElo "2633"]
[BlackElo "2710"]
[Annotator "TA"]
[PlyCount "73"]
[EventDate "2022.09.24"]
[EventType "tourn"]
[EventCountry "AZE"]
[SourceTitle "playchess.com"]
[Source "ChessBase"]
[SourceQuality "1"]
[TimeControl "180+2"]

1. d4 Nf6 2. c4 e6 3. Nf3 Bb4+ 4. Nbd2 Be7 5. e4 d5 6. e5 {[%emt 0:00:18] E11: Bogo-Indian.} Nfd7 7. cxd5 exd5 {[%emt 0:00:01] [#]} 8. Nb3 $146 (8. Bd3 $142) ({Predecessor:} 8. Bd3 c5 9. O-O Nc6 10. Re1 O-O 11. Bc2 cxd4 12. Nb3 Nb4 13. Bb1 d3 14. a3 {1-0 (53) Murshed,N (2404)-Delgado Ramirez,N (2622) Krasnaya Polyana 2021}) 8... a5 $11 9. a4 b6 10. Bd3 c5 ({Black should try} 10... Na6 $11) 11. Bb5 {[%emt 0:00:06] Threatens to win with dxc5.} Bb7 12. O-O O-O 13. Re1 Na6 14. dxc5 $1 bxc5 {[%emt 0:00:05] [#]} (14... Ndxc5 $14 15. Nbd4 Nc7) 15. Nxa5 $1 {[%emt 0:00:07][%mdl 512] White is much more active.} Qxa5 $16 16. Bxd7 d4 {[%emt 0:00:09] Black is on the road to losing.} (16... Nc7 $14) 17. e6 f6 (17... Bxf3 $16 {was necessary.} 18. gxf3 Nc7) 18. Nh4 $18 {[%emt 0:00:07] Black must now prevent Nf5.} g6 {[%emt 0:00:05] Prevents Nf5.} (18... f5 {was called for.}) 19. Bh6 {[%emt 0:00:02][%cal Oh4g6] Hoping for Nxg6!} f5 20. Nf3 Nb4 21. Ne5 Qc7 22. Ra3 {[%emt 0:00:04][%cal Od1h5,Ba1a3,Ba3g3,Bg3g4,Bg4f4][%mdl 32] aiming for Qh5!} f4 $2 (22... Be4) 23. Qg4 {[%emt 0:00:06] Intending Nxg6 and mate.} Rf6 24. Bxf4 Nc2 $2 {[%emt 0:00:10] [#]} (24... Nd5) 25. Rg3 $1 {[%emt 0:00:18][%cal Re5g6] Nxg6! is the strong threat. White is clearly winning.} Nxe1 {[%emt 0:00:25] [#]} (25... Qa5 26. Rd1) 26. Nxg6 Rxg6 27. Bxc7 {[%emt 0:00:01] Qf5 would kill now.} Rxg4 28. Rxg4+ Kf8 29. Bf4 Bf6 30. Bd6+ Be7 31. Rf4+ Kg7 32. Bxe7 d3 33. Rg4+ Kh6 34. Bxc5 {[%emt 0:00:04] White wants to mate with Be3+.} Kh5 35. e7 {[%emt 0:00:03] White threatens Rg3 and mate.} d2 36. Rd4 Rg8 37. e8=Q+ {[%emt 0:00:02] Weighted Error Value: White=0.56/Black=0.66} 1-0

[Event "Susha Chess Blitz 2022"]
[Site "Shusha"]
[Date "2022.09.24"]
[Round "1"]
[White "Durarbayli, Vasif"]
[Black "Wang, Hao"]
[Result "1/2-1/2"]
[ECO "C55"]
[WhiteElo "2628"]
[BlackElo "2722"]
[Annotator "TA"]
[PlyCount "136"]
[EventDate "2022.09.24"]
[EventType "tourn"]
[EventCountry "AZE"]
[SourceTitle "playchess.com"]
[Source "ChessBase"]
[SourceQuality "1"]
[TimeControl "180+2"]

1. e4 e5 2. Nf3 Nc6 3. Bc4 Nf6 4. d3 d5 5. exd5 Nxd5 6. O-O Be7 7. Re1 f6 $1 {[%emt 0:00:01][%mdl 4] is currently scoring better than 7...Bg4. C24: Bishop's Opening: 2...Nf6.} 8. d4 Nb6 9. Bb5 O-O {[%emt 0:00:03] White is slightly better.} 10. dxe5 (10. Bxc6 {keeps more tension.} bxc6 11. Qe2 Bg4 12. dxe5 fxe5 13. Nbd2) 10... Qxd1 11. Rxd1 Nxe5 12. Nxe5 fxe5 {[%emt 0:00:01] [#]} 13. Nc3 $146 ({Predecessor:} 13. Be3 Bf5 14. Nd2 c6 15. Bd3 Bxd3 16. cxd3 Nd5 17. Nc4 Nxe3 18. fxe3 Rad8 19. Nxe5 {½-½ (42) Harsha,B (2489)-Paravyan,D (2617) Warsaw 2021}) 13... c6 14. Bd3 Be6 15. Ne4 h6 16. Be3 Nd5 17. Bc5 Rfe8 18. Bc4 b6 (18... Bf5 $5 19. Bxe7 Bxe4 $11) 19. Bxe7 Rxe7 20. Rd2 a5 21. a3 (21. Re1 $14) 21... Rd8 $11 22. Re1 Kf8 (22... Red7 $11 {was preferrable.}) 23. Ng3 $14 Bf7 24. Nf5 (24. Be2 $5 Rdd7 25. Bg4 $14) 24... Ree8 25. Red1 Rd7 26. Bb3 Red8 27. Ne3 b5 28. a4 Be6 29. axb5 Nxe3 30. Rxd7 Bxd7 ({Resist} 30... Rxd7 31. Rxd7 Bxd7 32. b6 $16 (32. bxc6 Nd1 $11)) 31. fxe3 cxb5 $11 {[%emt 0:00:01][%mdl 4096] Endgame KRB-KRB} 32. Rd5 a4 33. Ba2 Ke7 34. Rxe5+ Kd6 35. Rd5+ Kc6 36. Rd4 {[%emt 0:00:05] Black should prevent Be6.} Re8 {[%emt 0:00:02] Inhibits Be6.} (36... Rf8 $11) 37. Bd5+ Kc5 38. Bf3 $1 Be6 39. c3 {[%emt 0:00:02] Prevents b4.} Bc4 40. Kf2 $1 Re7 {[%emt 0:00:02] Inhibits Rd7.} 41. h4 Ra7 42. Rg4 a3 {[%emt 0:00:02] [#]} ({Black should try} 42... Kd6 $14) 43. Rg6 $1 $18 Bd5 44. Bxd5 $2 (44. bxa3 $18 {aiming for Ke2.} Kc4 45. Rg4+ Kc5 46. Bxd5 Kxd5 47. Kf3) 44... Kxd5 $11 {The position is equal.} 45. bxa3 Rxa3 46. Rxg7 Rxc3 $18 {[%emt 0:00:01] KR-KR} 47. Rh7 Rc6 48. Rd7+ Kc4 49. Rd1 {[%emt 0:00:02] [#] Hoping for Rc1+.} Rf6+ 50. Ke2 b4 51. Rc1+ Kb5 52. e4 b3 53. Ke3 Kb4 54. e5 Rg6 55. Kf3 b2 56. Rb1 Kc3 {[%emt 0:00:01] Strongly threatening ...h5.} 57. g4 Kc2 58. Rxb2+ Kxb2 $11 {[%emt 0:00:01] KR-K3P} 59. Kf4 Kc3 60. Kf5 Rg8 61. e6 Kd4 62. g5 hxg5 63. hxg5 {[%emt 0:00:01] KR-KPP} Kd5 64. Kf6 Kd6 65. e7 {[%emt 0:00:02] Prevents Rf8+.} Kd7 66. g6 Re8 67. g7 Rg8 {[%emt 0:00:01] ( -> ...Ke8)} 68. Kf7 Rxg7+ {[%emt 0:00:01] Weighted Error Value: White=0.10 (very precise) /Black=0.12 (very precise)} 1/2-1/2

[Event "Susha Chess Blitz 2022"]
[Site "Shusha"]
[Date "2022.09.24"]
[Round "2"]
[White "Wang, Hao"]
[Black "Durarbayli, Vasif"]
[Result "0-1"]
[ECO "C41"]
[WhiteElo "2722"]
[BlackElo "2628"]
[Annotator "TA"]
[PlyCount "50"]
[EventDate "2022.09.24"]
[EventType "tourn"]
[EventCountry "AZE"]
[SourceTitle "playchess.com"]
[Source "ChessBase"]
[SourceQuality "1"]
[TimeControl "180+2"]

1. e4 e5 2. Nf3 d6 3. d4 exd4 4. Qxd4 Nf6 5. Nc3 Be7 6. Bg5 O-O 7. O-O-O h6 $5 {[%emt 0:00:01][%mdl 4] An interesting side line. C41: Philidor Defence.} 8. Bh4 (8. Bf4 $142) 8... Nc6 $11 9. Qd3 Be6 {[%emt 0:00:12] [#] Black has an edge.} 10. Kb1 $146 ({Predecessor:} 10. Nd4 Nxd4 11. Qxd4 a6 12. f4 c5 13. Qd3 b5 14. e5 dxe5 15. fxe5 Ng4 16. Qe4 Bxh4 17. Rxd8 Raxd8 {1-0 (58) Zhigalko,S (2572)-Moroni,L (2580) Chess.com INT 2021}) 10... a5 11. Rg1 Nb4 12. Qe2 Re8 13. Nd4 Qc8 (13... Bd7 $15) 14. Nxe6 Qxe6 15. Bg3 c6 16. a3 b5 17. f4 (17. axb4 $2 axb4 18. Nd5 cxd5 19. exd5 Qd7 20. Qxb5 Qa7 $19) ({White should play} 17. Qf3 $15) 17... Bf8 {[%emt 0:00:13] Black is more active.} (17... Na6 $17 {Hoping for ...b4.} 18. e5 dxe5 19. fxe5 Ng4) 18. f5 ({Avoid the trap} 18. axb4 $2 axb4 19. Nd5 (19. f5 $2 Qd7 $19) 19... cxd5 $19) 18... Qd7 19. Qf3 (19. axb4 axb4 20. Bf2 (20. Nxb5 $2 Nxe4 21. c3 Nxc3+ 22. Nxc3 Rxe2 $19) 20... bxc3 $19) 19... Qb7 20. axb4 {[%emt 0:00:23][%mdl 8192] [#] This move loses the game for White.} (20. Bh4 $11) 20... axb4 $19 21. Nxb5 cxb5 22. e5 Ne4 23. Bd3 {[%emt 0:00:06] [#]} Qa7 $1 24. c3 Qa1+ 25. Kc2 b3+ {Weighted Error Value: White=1.02/Black=0.47} 0-1

[Event "Susha Chess Blitz 2022"]
[Site "Shusha"]
[Date "2022.09.24"]
[Round "2"]
[White "Maghsoodloo, Parham"]
[Black "Radjabov, Teimour"]
[Result "1-0"]
[ECO "E06"]
[WhiteElo "2721"]
[BlackElo "2747"]
[Annotator "TA"]
[PlyCount "89"]
[EventDate "2022.09.24"]
[EventType "tourn"]
[EventCountry "AZE"]
[SourceTitle "playchess.com"]
[Source "ChessBase"]
[SourceQuality "1"]
[TimeControl "180+2"]

1. d4 Nf6 2. c4 e6 3. Nf3 d5 4. g3 Be7 5. Bg2 O-O 6. O-O dxc4 7. Qc2 a6 8. a4 Bd7 9. Qxc4 Bc6 10. Bf4 Bd6 {[%emt 0:00:09] E05: Open Catalan: 5 Nf3 Be7.} 11. Qc1 Nbd7 12. Nc3 Bxf3 {[%emt 0:00:08] The position is equal.} 13. Bxf3 Bxf4 14. Qxf4 c6 15. a5 Qe7 16. Rfd1 {[%emt 0:00:01] [#]} Rad8 $146 ({Predecessor:} 16... e5 17. Qe3 Rae8 18. d5 e4 19. d6 Qe6 20. Bg2 Nd5 21. Qxe4 Nxc3 22. Qxe6 Nxe2+ 23. Qxe2 Rxe2 {1-0 (37) So,W (2765)-Navara,D (2738) Saint Louis 2019}) 17. Bg2 Rfe8 18. h3 e5 19. dxe5 Nxe5 20. Rxd8 Rxd8 21. Ra4 h5 22. Qe3 Re8 23. Qb6 Rc8 24. Rd4 Ng6 (24... Kh7 $14 {feels stronger.}) 25. Ne4 $16 Nd5 {[%emt 0:00:12] [#]} 26. Qc5 {[%emt 0:00:02] Threatens to win with Rxd5.} Rc7 27. e3 ({White should try} 27. Qxe7 $16 Rxe7 28. Bf3) 27... Nf8 $1 $14 28. Qxe7 Rxe7 29. Nd6 Ne6 30. Rd2 ({Don't play} 30. Bxd5 Nxd4 31. Bxf7+ Kf8 32. Bxh5 (32. exd4 Rd7 $17) 32... Nb3 $17) 30... Nf6 31. Nf5 {[%emt 0:00:13] White is more active.} Rc7 32. e4 g6 33. Ne3 h4 34. e5 Nd7 35. Nc4 hxg3 36. fxg3 Kg7 37. h4 Ndc5 38. b4 Nb3 39. Rd3 Nbd4 40. Nd6 {[%emt 0:00:01] [#] Hoping for Ne8+.} Nf5 $2 (40... Kf8 $11) 41. Ne8+ $18 {[%emt 0:00:02] White is clearly winning.} Kf8 42. Nxc7 Nxc7 43. Rd7 Ne6 44. Rxb7 Ned4 45. Kf2 {[%emt 0:00:03] Weighted Error Value: White=0.07 (flawless) /Black=0.08 (flawless)} 1-0

[Event "Susha Chess Blitz 2022"]
[Site "Shusha"]
[Date "2022.09.24"]
[Round "2"]
[White "Vidit, Santosh Gujrathi"]
[Black "Yilmaz, Mustafa"]
[Result "0-1"]
[ECO "B94"]
[WhiteElo "2710"]
[BlackElo "2633"]
[Annotator "TA"]
[PlyCount "71"]
[EventDate "2022.09.24"]
[EventType "tourn"]
[EventCountry "AZE"]
[SourceTitle "playchess.com"]
[Source "ChessBase"]
[SourceQuality "1"]
[TimeControl "180+2"]

1. e4 c5 2. Nf3 d6 3. d4 cxd4 4. Nxd4 Nf6 5. Nc3 a6 6. Bg5 Nbd7 7. f4 {[%emt 0:00:02] 7.Qe2 is setting a new trend.} Qc7 (7... e5 {keeps more tension.} 8. Nf5 Qb6 9. Qd2 Qxb2 10. Rb1 Qa3) 8. Qf3 {[%emt 0:00:02] B94: Sicilian Najdorf: 6 Bg5 Nbd7.} h6 9. Bxf6 Nxf6 10. f5 {[%emt 0:00:01] White is slightly better.} Qc5 11. O-O-O g5 $1 12. fxg6 Bg4 13. gxf7+ Kxf7 14. Qd3 {[%emt 0:00:02] [#] Black must now prevent Be2.} Bxd1 15. Nxd1 {[%emt 0:00:01][%cal Bc3d1,Bd1e3,Be3f5][%mdl 32] Hoping for g3. Pair of Knights!} Bg7 16. Ne3 {[%emt 0:00:20] [#] Threatens to win with Qb3+.} Nxe4 $146 {[%emt 0:00:25] Active counter play!} ({Predecessor:} 16... e6 17. g3 Rhe8 18. Bh3 b5 19. Rd1 Qe5 20. c3 Qxe4 21. Qe2 Rac8 22. Bg2 Qe5 {0-1 (71) Paravyan,D (2617)-Donchenko,A (2636) Chess.com INT 2022}) 17. Qxe4 (17. Nef5 $11 {keeps the balance.} Bxd4 18. Qxe4) 17... Qxd4 $17 {[%emt 0:00:17] Dancing on a razor blade. Black converts the advantage convincingly.} 18. Bc4+ Ke8 19. Qxd4 Bxd4 20. Nf5 Be5 21. Be6 (21. Nh4 $142) 21... Rf8 $19 {[%emt 0:00:12] [#] aiming for ...Rf6.} 22. g4 (22. Ne3 $142) 22... Rf6 23. Bd5 e6 24. Bxb7 Rb8 ({And not} 24... exf5 25. Bxa8 fxg4 26. h3 $17) 25. Bc6+ Kd8 26. Ne3 Bxb2+ 27. Kd2 Kc7 28. Ba4 Rf2+ 29. Ke1 Rf4 30. Bb3 Bd4 31. Ke2 d5 32. Bxd5 Rb5 33. c4 Ra5 34. Ng2 Rf2+ (34... Rxa2+ $142 35. Kd1 Rff2 36. Be4 Ra1+ 37. Bb1 Rxb1#) 35. Kd3 exd5 36. Kxd4 {Weighted Error Value: White=0.65/Black=0.29 (precise)} 0-1

[Event "Susha Chess Blitz 2022"]
[Site "Shusha"]
[Date "2022.09.24"]
[Round "2"]
[White "Guseinov, Gadir"]
[Black "Mamedyarov, Shakhriyar"]
[Result "1-0"]
[ECO "B10"]
[WhiteElo "2661"]
[BlackElo "2757"]
[Annotator "TA"]
[PlyCount "133"]
[EventDate "2022.09.24"]
[EventType "tourn"]
[EventCountry "AZE"]
[SourceTitle "playchess.com"]
[Source "ChessBase"]
[SourceQuality "1"]
[TimeControl "180+2"]

1. e4 c6 2. Nf3 d5 3. e5 Bg4 4. Be2 e6 5. O-O Ne7 6. d4 {[%emt 0:00:04] B10: Caro-Kann: 2 d3 and 2 c4.} h6 7. Nbd2 Nd7 8. h3 {[%emt 0:00:01] White is slightly better.} Bh5 {[%emt 0:00:05] [#]} 9. c4 $146 ({Predecessor:} 9. b3 Nc8 10. c4 Be7 11. Ne1 Bxe2 12. Qxe2 O-O 13. Qg4 Re8 14. Ndf3 Kh7 15. Nd3 dxc4 16. bxc4 {1-0 (37) Tsaruk,M (2230)-Yasiukovich,S Minsk 2019}) 9... dxc4 10. Nxc4 $40 {[%emt 0:00:01][%cal Rc4d6][%mdl 128] White is up to no good.} Nd5 11. Nfd2 Bg6 12. Bh5 {[%emt 0:00:07] Threatens to win with Bxg6.} Bxh5 13. Qxh5 N7b6 14. Qf3 (14. b3 $14) 14... Qd7 (14... Nb4 $11) 15. b3 $14 Bb4 (15... Nb4 $11 {remains equal.}) 16. Ne4 $1 $16 Nc8 17. Qg3 Bf8 18. f4 {[%emt 0:00:08] White has more active pieces.} (18. a4 $16) 18... b5 19. Ne3 Ncb6 (19... Nxe3 $1 $14 20. Bxe3 Nb6) 20. Bd2 (20. f5 $1 $16) 20... Nxe3 $11 21. Bxe3 Nd5 22. Bd2 g6 23. Rac1 Be7 24. Qf3 O-O-O (24... Kf8 $11) 25. a4 Kb8 26. Kh1 (26. Ra1 $16) 26... Rc8 27. Qe2 Rhd8 28. Ba5 Nb6 (28... Rg8 $142) 29. Rfd1 (29. Nc5 $142 $1 Qe8 30. Qf2) 29... Qd5 (29... Qb7 $16 {was called for.}) 30. Nc5 $18 bxa4 (30... g5 $142 31. axb5 gxf4 32. bxc6 Rxc6) 31. Qa6 $2 (31. bxa4 $18 Rd7 32. Rb1 Bxc5 33. dxc5) 31... Bxc5 $17 32. dxc5 Qxd1+ 33. Rxd1 Rxd1+ 34. Kh2 Nd5 35. bxa4 Rb1 {[%emt 0:00:03] Prevents Bb6.} (35... Nxf4 $2 36. Qc4 Rd7 37. Qxf4 $18) ({Don't play} 35... Rd4 $6 36. Bb6 $1 Nxb6 37. cxb6 $11) 36. Bd2 h5 37. Qd3 (37. Ba5 $142) 37... Rb2 38. Bc1 Rb4 ({Black should try} 38... Rb7 $1 39. Bd2 Rd8) 39. Bd2 Rb7 40. Qf3 Ka8 41. f5 exf5 {[%emt 0:00:02] And now ...Re7 would win.} 42. a5 (42. e6 $1 $15) 42... Rb5 $2 ({Black should play} 42... Re7 $19 43. Qe2 Re6) 43. a6 (43. e6 $5) 43... Rxc5 (43... Re8 $15 44. Qg3 Rbb8) 44. e6 (44. Qa3 $5 Rb5 45. Qd6 $11) 44... fxe6 45. Qg3 Rc2 $2 {[%emt 0:00:03][%mdl 8192] [#]} (45... Nc7 $11) 46. Bg5 $2 (46. Qb3 $1 $18 Rc7 (46... Rb8 47. Qxc2) 47. Qxc2) 46... Ra2 47. Qd6 {[%emt 0:00:03] Threatening mate with Qd7.} Rxa6 48. Qxe6 Rb8 49. Qxg6 f4 50. Qxh5 Rab6 51. Qf3 Rb2 52. Bxf4 Rf8 {[%emt 0:00:02][%mdl 8192] White leaves nothing to chance now.} (52... Nxf4 $15 {stays ahead.} 53. Qxf4 Rg8) 53. Qa3 $1 $18 Rxg2+ 54. Kxg2 Rxf4 {[%emt 0:00:02][%mdl 4096] Endgame KQ-KRN} 55. Kg3 {[%emt 0:00:03] Hoping for Qa6.} Kb7 {[%emt 0:00:02] Prevents Qa6+.} 56. h4 Rf5 57. Kg4 Rf2 58. h5 Rh2 (58... Nf6+ $142 59. Kg3 Ne4+ 60. Kh3 Ng5+ 61. Kg3 Ne4+ 62. Kh3 Ng5+ 63. Kg3 Ne4+) 59. Kg5 (59. Qb3+ $142 Ka8 60. Qf3) 59... Rg2+ 60. Kf5 Rh2 {[%emt 0:00:02] Inhibits Qh3.} (60... Rf2+ $142 61. Kg4 Rg2+ 62. Kf3 Rh2) 61. Kg5 (61. Qf3 $142 a5 62. Kg4) 61... Rg2+ 62. Kh6 Rh2 $2 (62... Kc7 63. Qf3 Rg1) 63. Qg3 {[%emt 0:00:02] White is clearly winning.} Rh1 64. Kg5 a5 65. h6 {[%emt 0:00:02] aiming for Qg2.} (65. Qg2 {[#] leads to mate.} Rxh5+ $3 66. Kxh5 Nf4+ 67. Kh4 Nxg2+ 68. Kg4 a4 69. Kf3 a3 $1 70. Kxg2 c5 71. Kh3 a2 72. Kg4 a1=Q 73. Kf5 Qd4 74. Kg5 c4 75. Kg6 c3 76. Kf7 Qd5+ 77. Kf8 c2 78. Ke7 c1=Q 79. Kf8 Qcg5 80. Ke8 Qgd8#) 65... a4 66. Qg2 Re1 67. h7 {Weighted Error Value: White=0.42/Black=0.45} (67. Qb2+ $142 Ka6 68. h7) 1-0